 Dungeon Crawl Stone Soup version 0.25.1-9-gc5326a611f (webtiles) character file.

Game seed: 12085177501146718428

300 pokeman the Magician (level 6, -6/34 HPs)
             Began as a Deep Elf Wizard on Dec 24, 2020.
             Mangled by Duvessa
             ... wielding a +2 rapier of speed
              (9 damage)
             ... on level 4 of the Dungeon.
             The game lasted 00:05:59 (4453 turns).

pokeman the Magician (Deep Elf Wizard)              Turns: 4453, Time: 00:06:00

Health: -6/34      AC:  4    Str:  4    XL:     6   Next: 13%
Magic:  1/17       EV: 12    Int: 25    God:
Gold:   90         SH:  0    Dex: 13    Spells: 7/18 levels left

rFire    . . .     SeeInvis .   e - +2 dagger (holy)
rCold    . . .     Gourm    .   (no shield)
rNeg     . . .     Faith    .   j - +0 leather armour
rPois    .         Spirit   .   b - +0 hat
rElec    .         Reflect  .   (no cloak)
rCorr    .         Harm     .   (no gloves)
MR       .....                  m - +0 pair of boots (curse)
Stlth    ++........             (no amulet)
HPRegen  0.11/turn              (no ring)
MPRegen  0.15/turn              (no ring)

@: very slightly contaminated
A: no striking features
a: no special abilities


You were on level 4 of the Dungeon.
You were hungry.

You visited 1 branch of the dungeon, and saw 4 of its levels.

You collected 90 gold pieces.

Inventory:

Hand Weapons
 e - a +2 dagger of holy wrath (weapon)
Missiles
 p - 63 bolts
Armour
 b - a +0 hat (worn)
 j - a +0 leather armour (worn)
 m - a cursed +0 pair of boots (worn)
Jewellery
 k - an uncursed amulet of guardian spirit
 n - an uncursed ring of ice
Wands
 q - a wand of random effects (18)
Scrolls
 a - a scroll of magic mapping {unknown}
 c - 5 scrolls of amnesia {unknown}
 l - 3 scrolls of identify {unknown}
 r - 2 scrolls of teleportation {unknown}
 u - a scroll of fog {unknown}
Potions
 f - a potion of ambrosia {unknown}
 g - 2 potions of heal wounds
 h - a potion of cancellation {unknown}
 i - a potion of degeneration {unknown}
 o - a potion of curing {unknown}
 t - 2 potions of haste {unknown}
Comestibles
 d - 7 rations


   Skills:
 - Level 1.0 Fighting
 - Level 1.0 Armour
 - Level 3.0 Dodging
 - Level 3.0 Stealth
 * Level 6.8 Spellcasting
 + Level 3.1 Conjurations
 - Level 1.1 Summonings
 - Level 1.1 Translocations
 - Level 1.0 Fire Magic
 - Level 1.2 Air Magic
 + Level 0.4 Poison Magic
 + Level 0.4 Evocations


You had 7 spell levels left.
You knew the following spells:

 Your Spells              Type           Power        Failure   Level  Hunger
a - Magic Dart            Conj           ###.         3%          1    None
b - Mephitic Cloud        Conj/Pois/Air  ###.....     19%         3    None
c - Call Imp              Summ           ##......     12%         2    None
d - Blink                 Tloc           N/A          12%         2    None
e - Conjure Flame         Conj/Fire      ###.....     16%         3    None

Your spell library contained the following spells:

 Spells                   Type           Power        Failure   Level  Hunger
 Slow                     Hex            #.......     19%         2    None


Dungeon Overview and Level Annotations

Branches:
Dungeon (4/15)
 Temple: D:4-7

Altars:

Annotations:
D:4 Duvessa


Message History

Found 11 arrows.
Casting: Blink (safe; 12% risk of failure)
Confirm with . or Enter, or press ? or * to list all spells.
The spell is quite dangerous to cast (19% risk of failure)!
Continue anyway?
Aiming: Mephitic Cloud (quite dangerous; 19% risk of failure)
Press: ? - help, Shift-Dir - straight line, f - Duvessa
Aim: Duvessa, wielding a +2 rapier of speed and wearing a +0 leather armour (heavily wounded, berserk) That beam is likely to hit you.
Continue anyway?
You miscast Mephitic Cloud.
Nothing appears to happen.
Duvessa hits you with a +2 rapier of speed.
* * * LOW HITPOINT WARNING * * *
Evoke which item? (* to show all) (? for menu, Esc to quit)
Aiming: Random Effects
Press: ? - help, Shift-Dir - straight line, f/p - Duvessa
Aim: Duvessa, wielding a +2 rapier of speed and wearing a +0 leather armour (heavily wounded, berserk) Duvessa seems to speed up.
Duvessa hits you with a +2 rapier of speed.
* * * LOW HITPOINT WARNING * * *
Duvessa hits you with a +2 rapier of speed!
You die...

########.#(#
#..e@......#
#<######.###
#.# #)#
#####.#####
#.......e.#
#.###.###.#
#.# ..# #.#
....


You could see Duvessa (berserk, fast).

Vanquished Creatures
  Dowan (D:4)
  An orc priest (D:3)
  An orc wizard (D:3)
  A centaur skeleton (D:4)
  Jessica (D:3)
  Terence (D:3)
  4 adders
  3 worms
  3 leopard geckos (D:3)
  3 orcs (D:3)
  3 giant cockroaches
  7 goblins
  12 hobgoblins
  7 kobolds
  9 bats
  3 frilled lizards
  6 rats
66 creatures vanquished.

Notes
Turn   | Place    | Note
-------+----------+-------------------------------------------
     0 | D:1      | pokeman the Deep Elf Wizard began the quest for the Orb.
     0 | D:1      | Reached XP level 1. HP: 10/10 MP: 7/7
   239 | D:1      | Reached XP level 2. HP: 7/15 MP: 0/9
   844 | D:1      | Reached skill level 5 in Spellcasting
  1069 | D:1      | Reached XP level 3. HP: 20/20 MP: 4/11
  1074 | D:1      | Learned a level 3 spell: Mephitic Cloud
  1077 | D:1      | Learned a level 2 spell: Call Imp
  1080 | D:1      | Learned a level 2 spell: Blink
  1084 | D:1      | Learned a level 3 spell: Conjure Flame
  2045 | D:2      | Reached skill level 1 in Armour
  2046 | D:2      | Reached skill level 1 in Fighting
  2769 | D:3      | Reached XP level 4. HP: 25/25 MP: 1/13
  3236 | D:3      | Reached skill level 1 in Fire Magic
  3319 | D:3      | Reached skill level 6 in Spellcasting
  3319 | D:3      | Reached XP level 5. HP: 12/29 MP: 5/15
  3874 | D:3      | Noticed Terence
  3882 | D:3      | Killed Terence
  4082 | D:3      | Noticed Jessica
  4086 | D:3      | Killed Jessica
  4086 | D:3      | Reached skill level 1 in Air Magic
  4428 | D:4      | Noticed Duvessa
  4428 | D:4      | Noticed Dowan
  4446 | D:4      | Killed Dowan
  4446 | D:4      | Reached XP level 6. HP: 29/34 MP: 9/17
  4453 | D:4      | Mangled by Duvessa

Illustrated notes

Levels and vault maps discovered:
D:1:      evilmike_arrival_hilbert_curve, layout_loops_cross, serial_glass,
          glass_columns_b, glass_columns_c, glass_columns_b, glass_columns_c,
          glass_columns_c, glass_columns_c, glass_columns_a, glass_columns_b,
          minmay_misc_feat_columns, minmay_octomino_j4
D:2:      layout_basic, first_ration
D:3:      layout_loops_corners, grunt_decor_arrowhead, uniq_terence,
          uniq_jessica
D:4:      layout_loops_ring, lemuel_blue_sif_altar, serial_shops, shop,
          uniq_duvessa

Skill      XL: |  1  2  3  4  5 |
---------------+----------------+-----
Spellcasting   | 5 6 |  6.8
Armour         | 1 |  1.0
Fighting       | 1 |  1.0
Conjurations   | 2 3 |  3.1
Fire Magic     | 1 |  1.0
Dodging        | 3 |  3.0
Air Magic      | 1 |  1.2
Stealth        | 3 |  3.0
Summonings     | |  1.1
Translocations | |  1.1
Poison Magic   | |  0.4
Evocations     | |  0.4

Action                   |  1- 3 |  4- 6 || total
-------------------------+-------+-------++-------
Melee: Dagger            |     8 |    29 ||    37
 Cast: Magic Dart        |   112 |    63 ||   175
       Mephitic Cloud    |       |     5 ||     5
       Conjure Flame     |       |     6 ||     6
       Blink             |       |     1 ||     1
       Call Imp          |       |     1 ||     1
Evoke: Wand              |       |     1 ||     1
 Stab: Sleeping          |     1 |       ||     1
       Confused          |       |     1 ||     1
  Eat: Chunk             |     5 |     5 ||    10
Armor: Robe              |     3 |       ||     3
       Leather armour    |     8 |     1 ||     9
Dodge: Dodged            |    26 |    15 ||    41
